 Dungeon Crawl Stone Soup version 0.18-a0-5-gf1fb587 (webtiles) character file.

109 Nopony the Magician (level 4, 0/24 HPs)
             Began as a Deep Elf Wizard on Oct 31, 2015.
             Was an Initiate of Gozag.
             Succumbed to an adder's poison
             ... on level 2 of the Dungeon.
             The game lasted 00:29:27 (3071 turns).

Nopony the Magician (Deep Elf Wizard)               Turns: 3071, Time: 00:29:27

Health: 0/24       AC:  2    Str:  4    XL:     4   Next: 60%
Magic:  4/13       EV: 13    Int: 24    God:    Gozag
Gold:   116        SH:  0    Dex: 13    Spells: 5 memorised, 3 levels left

rFire  . . .     SeeInvis .     (no weapon)
rCold  . . .     Clarity  .     a - +0 robe
rNeg   . . .     SustAt   .     (no shield)
rPois  .         Gourm    .     b - +0 hat
rElec  .         Spirit   .     (no cloak)
rCorr  .         Warding  .     (no gloves)
rMut   .         Stasis   .     (no boots)
MR     .....                    (no amulet)
Stlth  ++........               (no ring)
                                (no ring)

@: lethally poisoned (0 -> -9), not resistant to hostile enchantments,
unstealthy
A: no striking features
a: Potion Petition, Call Merchant, Bribe Branch, Renounce Religion


You were on level 2 of the Dungeon.
You worshipped Gozag.
Gozag was noncommittal.
You were not hungry.

You visited 1 branch of the dungeon, and saw 3 of its levels.

You collected 158 gold pieces.
You paid 42 gold pieces to Gozag.

Inventory:

Hand Weapons
 l - a +0 whip of electrocution
 q - a +0 whip
 s - a +0 mace
 x - a +1 dagger of draining
 y - a +0 falchion
 z - a +0 falchion
Missiles
 e - 75 stones (quivered)
 f - 32 sling bullets
 g - 18 tomahawks
 u - 23 arrows
Armour
 a - a +0 robe (worn)
 b - a +0 hat (worn)
 j - a +0 scale mail
 k - a +0 cloak
 p - a +0 cloak
 A - a +0 chain mail
Scrolls
 m - a scroll of enchant weapon {unknown}
 r - 4 scrolls of identify
 t - a scroll of teleportation {unknown}
 v - a scroll of fear {unknown}
Potions
 i - 2 potions of magic {unknown}
 n - a potion of curing {unknown}
 o - a potion of agility {unknown}
 w - a potion of degeneration {unknown}
Books
 c - a book of Minor Magic

   Spells                             Type                      Level
   a - Magic Dart                     Conjuration                  1
   b - Blink                          Translocation                2
   c - Call Imp                       Summoning                    2
   d - Repel Missiles                 Charms/Air                   2
   e - Slow                           Hexes                        2
   f - Conjure Flame                  Conjuration/Fire             3
   g - Mephitic Cloud                 Conjuration/Poison/Air       3


   Skills:
 + Level 2.8 Dodging
 + Level 2.6 Stealth
 + Level 5.6 Spellcasting
 * Level 2.2 Conjurations
 * Level 1.6 Hexes
   Level 1.1 Summonings
 + Level 2.1 Translocations
 + Level 0.2 Fire Magic
 * Level 0.2 Air Magic
 * Level 0.4 Poison Magic


You had 3 spell levels left.
You knew the following spells:

 Your Spells              Type           Power        Failure   Level  Hunger
a - Magic Dart            Conj           ###.         3%          1    None
b - Blink                 Tloc           N/A          6%          2    None
c - Slow                  Hex            ##......     8%          2    None
d - Mephitic Cloud        Conj/Pois/Air  ##......     21%         3    #......
e - Conjure Flame         Conj/Fire      ##......     17%         3    #......


Dungeon Overview and Level Annotations

Branches:
Dungeon (3/15)

Altars:
Gozag


Message History

The adder poisons you! The adder barely misses you.
Casting: Magic Dart
Confirm with . or Enter, or press ? or * to list all spells.
Aiming: Magic Dart
Press: ? - help, Shift-Dir - straight line, f/p - adder
Aim: an adder (moderately wounded)
The magic dart hits the adder.
The adder is heavily wounded.
* * * LOW HITPOINT WARNING * * *
You feel sick. The adder bites you.
* * * LOW HITPOINT WARNING * * *
You are more poisoned.
The adder poisons you!
Casting: Magic Dart
Confirm with . or Enter, or press ? or * to list all spells.
Okay, then.
As you read the scroll labeled NAVYON BYFEF, it crumbles to dust.
You feel blessed for a moment.
It was a scroll of remove curse.
You die...
Your body crumbles into a pile of gold.

####### ......# ......#
......# ......#
......############
...............S@#
.......######.############
######.##................#
# #<##.###.#########.## #
#.##.# #.#.# ##.## #
#.##.# #.#.# #...# #
#.##.# #...# #.### #
#.##.# ###.# #.# # ##.##.#
#.# #.#


You could see an adder.

Vanquished Creatures
  3 adders (D:2)
  4 oozes
  2 worms
  2 giant geckos (D:1)
  An orc (D:3)
  9 bats
  4 giant cockroaches
  7 goblins
  9 hobgoblins
  A jackal (D:2)
  A quokka (D:2)
  A ball python (D:2)
  4 giant newts
  9 kobolds
  3 rats (D:2)
60 creatures vanquished.

Notes
Turn   | Place    | Note
--------------------------------------------------------------
     0 | D:1      | Nopony the Deep Elf Wizard began the quest for the Orb.
     0 | D:1      | Reached XP level 1. HP: 10/10 MP: 7/7
   251 | D:1      | Reached skill level 5 in Spellcasting
   294 | D:1      | Reached XP level 2. HP: 15/15 MP: 5/10
   301 | D:1      | Learned a level 2 spell: Blink
   304 | D:1      | Learned a level 2 spell: Slow
   737 | D:1      | Reached XP level 3. HP: 19/19 MP: 7/11
   742 | D:1      | Learned a level 3 spell: Mephitic Cloud
   746 | D:1      | Learned a level 3 spell: Conjure Flame
   979 | D:2      | Reached skill level 1 in Hexes
  1036 | D:2      | Found an opulent altar of Gozag.
  1954 | D:2      | Reached XP level 4. HP: 24/24 MP: 2/13
  2567 | D:2      | Became a worshipper of Gozag Ym Sagoz the Greedy
  3070 | D:2      | HP: 1/24 [adder (5)]
  3071 | D:2      | Succumbed to an adder's poison

Vault maps used:
D:1:      dpeg_arrival_stone_temple_mockup
D:2:      kennysheep_six_static_rooms, nicolae_overflow_hidden_temple,
          grunt_gozag_statues, solitary_fountain
D:3:      lemuel_blue_sif_altar, uniq_natasha

Action                   |  1- 3 |  4- 6 || total
-------------------------+-------+-------++-------
 Cast: Magic Dart        |   119 |    49 ||   168
       Conjure Flame     |     2 |     4 ||     6
       Mephitic Cloud    |     1 |     3 ||     4
       Slow              |     1 |     2 ||     3
       Blink             |     1 |       ||     1
Invok: Potion Petition   |       |     1 ||     1
  Use: Scroll            |     2 |     1 ||     3
       Potion            |       |     1 ||     1
  Eat: Meat ration       |     1 |       ||     1
       Pizza             |     1 |       ||     1
       Bread ration      |       |     1 ||     1
